 Dungeon Crawl Stone Soup version 0.32-a0-981-g384da2ce10 (webtiles) character file.

Game seed: 10316361181354109856

115 holysushi the Shooter (level 5, -11/34 HPs)
             Began as an Octopode Hunter on Apr 21, 2024.
             Mangled by a gnoll
             ... wielding a +0 halberd
              (12 damage)
             ... on level 4 of the Dungeon.
             The game lasted 00:01:54 (1447 turns).

holysushi the Shooter (Octopode Hunter)             Turns: 1447, Time: 00:01:55

Health: -11/34     AC:  8    Str: 11    XL:     5   Next: 0%
Magic:  5/5        EV: 13    Int: 11    God:
Gold:   96         SH:  0    Dex: 17    Spells: 4/4 levels left

rFire   . . .        b - +1 dagger (protect)
rCold   . . .        (no shield)
rNeg    . . .        (helmet restricted)
rPois   .            (no amulet)
rElec   .            (no ring)
rCorr   .            (no ring)
SInv    .            (no ring)
Will    .....        (no ring)
Stlth   +++          (no ring)
HPRegen 0.25/turn    (no ring)
MPRegen 0.09/turn    (no ring)
                     (no ring)

%: no passive effects
@: under a protective aura
A: almost no armour, amphibious, 8 rings, camouflage 1, gelatinous body 1,
(nimble swimmer 1), tentacles
a: no special abilities


You were on level 4 of the Dungeon.
You visited 2 branches of the dungeon, and saw 4 of its levels.

You collected 96 gold pieces.

Inventory:

Hand Weapons
 a - a +0 shortbow
 b - a +1 dagger of protection (weapon)
Scrolls
 c - a scroll of fog {unknown}
 e - a scroll of butterflies
 f - 2 scrolls of enchant armour {unknown}
 g - a scroll of vulnerability {unknown}
 h - a scroll of teleportation {unknown}
Potions
 d - 2 potions of curing {unknown}


   Skills:
 - Level 2.0 Fighting
 + Level 5.9 Ranged Weapons
 - Level 2.4 Dodging
 - Level 1.3 Stealth


You had 4 spell levels left.
You didn't know any spells.
Your spell library was empty.

Dungeon Overview and Level Annotations

Branches:
Dungeon (4/15) Zot: 16571  Temple (1/1) D:4 Zot: 5967

Altars:
Cheibriados
Elyvilon
Nemelex Xobeh
Okawaru
Qazlal
Ru
Trog
Uskayaw
Vehumet
Wu Jian
Xom
The Shining One


Innate Abilities, Weirdness & Mutations

You cannot wear most types of armour.
You are amphibious.
You can wear up to eight rings at the same time.
Your skin changes colour to match your surroundings (Stealth+).
Your rubbery body absorbs attacks. (AC +1, EV +1)
((You are camouflaged when in or above water. (Stealth+)))
You have tentacles for arms and can constrict up to eight enemies at once.


Message History

Your weapon exudes an aura of protection.
You grab the gnoll.
The gnoll is lightly wounded.
You constrict the gnoll. The gnoll barely misses you.
You hit the gnoll but do no damage.
The gnoll is moderately wounded.
You constrict the gnoll. The gnoll barely misses you.
You hit the gnoll.
The gnoll is almost dead.
You constrict the gnoll.
You kill the gnoll!
You hit the kobold but do no damage. You grab the kobold.
You squeeze the kobold.
You kill the kobold!
You have reached level 5!
You feel stronger. The gnoll hits you with a +0 halberd!
There is an open door, spattered with blood here.
Things that are here:
a +0 short sword; a +0 spear; a kobold corpse The gnoll misses you.
You barely miss the gnoll. You grab the gnoll. You constrict the gnoll.
The gnoll hits you with a +0 halberd.
You release your grip on the gnoll.
The gnoll hits you with a +0 halberd!
* * * LOW HITPOINT WARNING * * *
You are too injured to fight recklessly!
You are too injured to fight recklessly!
You hit the gnoll.
Your weapon exudes an aura of protection.
Your grab misses the gnoll.
The gnoll is heavily wounded.
The gnoll hits you with a +0 halberd.
* * * LOW HITPOINT WARNING * * *
You hit the gnoll but do no damage. Your grab misses the gnoll.
The gnoll is heavily wounded.
The gnoll barely misses you.
You closely miss the gnoll. You grab the gnoll.
The gnoll is heavily wounded.
You constrict the gnoll. The gnoll hits you with a +0 halberd!
You die...

....###..........####.#.#
... .................#
##.#.# . .................#
#..g.#
.....)>.....>....###..###
...####..........##...#
.....##.###+###).##..#####
...#.####.....#............
...#.####.....#..##.#######
####...##.....#g@####
###..'..>..)..#
####.....#.## #.....###
#.....# #######


You could see a gnoll.

Vanquished Creatures
  A sleepcap (D:4)
  3 gnolls
  An adder (D:2)
  A ribbon worm (D:2)
  2 dart slugs
  3 ball pythons (D:1)
  5 endoplasms
  A giant cockroach (D:4)
  3 goblins
  5 hobgoblins
  6 kobolds
  5 quokkas
  A bat (D:1)
  5 frilled lizards (D:1)
  2 rats (D:1)
44 creatures vanquished.

Notes
Turn   | Place    | Note
-------+----------+-------------------------------------------
     0 | D:1      | holysushi the Octopode Hunter began the quest for the Orb.
     0 | D:1      | Reached XP level 1. HP: 14/14 MP: 1/1
   136 | D:1      | Reached XP level 2. HP: 15/19 MP: 2/2
   300 | D:1      | Reached XP level 3. HP: 24/24 MP: 3/3
   934 | D:2      | Reached skill level 5 in Ranged Weapons
  1144 | D:2      | You fall into a shaft and drop 2 floors!
  1144 | D:4      | Found a staircase to the Ecumenical Temple.
  1147 | Temple   | Entered the Ecumenical Temple
  1176 | D:4      | Reached XP level 4. HP: 19/29 MP: 4/4
  1441 | D:4      | Reached XP level 5. HP: 32/34 MP: 5/5
  1445 | D:4      | HP: 1/34 [gnoll/+0 halberd (6)]
  1447 | D:4      | Mangled by a gnoll

Illustrated notes

Levels and vault maps discovered:
D:1:      saegor_arrival_simple_a, layout_basic
D:2:      layout_basic, grunt_decor_clamped, st_stairs_13, minmay_misc_feat_rows
D:4:      layout_rooms, minitemple, temple_green, hangedman_decor_riveting
Temple:   nicolae_temple_slightly_damp_pantheon

Skill      XL: |  1  2  3 |
---------------+----------+-----
Ranged Weapons | 5 |  5.9
Fighting       | |  2.0
Dodging        | |  2.4
Stealth        | |  1.3

Action                     |  1- 3 |  4- 6 || total
---------------------------+-------+-------++-------
  Melee: Dagger            |     3 |    13 ||    16
         Constrict         |     2 |     5 ||     7
         Short sword       |     2 |       ||     2
         Tentacles         |     1 |     2 ||     3
   Fire: Shortbow          |    75 |    23 ||    98
 Armour: Skin              |     9 |    12 ||    21
  Dodge: Dodged            |     9 |    12 ||    21

Table legend: (Time is in decaauts)
 A = Elapsed time spent in this place.
 B = Non-inter-level travel time spent in this place.
 C = Inter-level travel time spent in this place.
 D = Time resting spent in this place.
 E = Time spent auto-exploring this place.
 F = Levels seen in this place.
 G = Mean time per level.
                   A        B        C        D        E       F      G
               +--------+--------+--------+--------+--------+-----+--------+
         Total |   1460 |   1374 |     86 |    160 |    911 |   4 |  365.0 |
       Dungeon |   1427 |   1341 |     86 |    139 |    911 |   3 |  475.7 |
        Temple |     32 |     32 |      0 |     21 |      0 |   1 |   32.0 |
               +--------+--------+--------+--------+--------+-----+--------+

Top non-repeatable levels by time:
     D:1: 789 daAuts
     D:2: 363 daAuts
     D:4: 274 daAuts
  Temple: 32 daAuts
